 Dungeon Crawl Stone Soup version 0.29-a0-352-g0917bc69df (webtiles) character file.

Game seed: 14001133671855643239

29 Morbidden the Conjurer (level 3, 25/25 HPs)
             Began as a Demonspawn Conjurer on Apr 24, 2022.
             Quit the game on level 2 of the Dungeon.
             The game lasted 00:01:02 (1814 turns).

Morbidden the Conjurer (Demonspawn Conjurer)        Turns: 1814, Time: 00:01:03

Health: 25/25      AC:  2    Str:  7    XL:     3   Next: 1%
Magic:  4/6        EV: 12    Int: 21    God:
Gold:   99         SH:  0    Dex: 11    Spells: 5/6 levels left

rFire   . . .      SeeInvis .   a - +0 short sword
rCold   . . .      Faith    .   (no shield)
rNeg    + . .      Spirit   .   i - +0 robe
rPois   .          Reflect  .   (no helmet)
rElec   .          Harm     .   (no cloak)
rCorr   .          Rampage  .   (no gloves)
Will    .....                   (no boots)
Stlth   ++........              (no amulet)
HPRegen 0.08/turn               j - ring of positive energy
MPRegen 0.10/turn               (no ring)

@: no status effects
A: claws 1, ignite blood 1
a: no special abilities


You were on level 2 of the Dungeon.
You visited 1 branch of the dungeon, and saw 2 of its levels.

You collected 99 gold pieces.

Inventory:

Hand Weapons
 a - a +0 short sword (weapon)
Armour
 i - a +0 robe (worn)
Jewellery
 j - a ring of positive energy (left claw)
 k - a ring of resist corrosion
Scrolls
 c - 2 scrolls of noise {unknown}
 d - 5 scrolls of teleportation {unknown}
 e - 2 scrolls of identify {unknown}
 g - 3 scrolls of amnesia {unknown}
Potions
 b - a potion of magic
 f - a potion of invisibility {unknown}
 h - a potion of resistance {unknown}
 l - a potion of flight {unknown}
 m - a potion of degeneration {unknown}


   Skills:
 * Level 0.5 Fighting
 * Level 2.1 Dodging
 + Level 1.8 Stealth
 * Level 2.1 Spellcasting
 * Level 4.6 Conjurations


You had 5 spell levels left.
You knew the following spells:

 Your Spells              Type           Power      Damage    Failure   Level
a - Magic Dart            Conj           84%        1d7       2%          1

Your spell library contained the following spells:

 Spells                   Type           Power      Damage    Failure   Level
 Searing Ray              Conj           42%        2d6       3%          2
 Dazzling Flash           Conj/Hex       22%        N/A       17%         3
 Fulminant Prism          Conj/Hex       5%         3d7       50%         4
 Iskenderun's Mystic Bla  Conj/Tloc      11%        2d4       50%         4


Dungeon Overview and Level Annotations

Branches:
Dungeon (2/15)

Altars:

Shops:
D:1 =!*?


Innate Abilities, Weirdness & Mutations

You have sharp fingernails.
Your demonic aura sometimes causes spilled blood to erupt in flames.


Message History

A ball python comes into view.
Unknown command.
Casting: Magic Dart (safe; 2% risk of failure)
Confirm with . or Enter, or press ? or * to list all spells.
Aiming: Magic Dart (safe; 2% risk of failure)
Press: ? - help, Shift-Dir - straight line, f - ball python
Aim: a ball python (wandering, hasn't noticed you, 100% to hit)
The magic dart hits the ball python.
You kill the ball python!
Key pressed, stopping explore.
Unknown command.
Casting: Magic Dart (safe; 2% risk of failure)
Confirm with . or Enter, or press ? or * to list all spells.
You can't see any susceptible monsters within range! (Use Z to cast anyway.) Key pressed, stopping explore.
Unknown command.
Casting: Magic Dart (safe; 2% risk of failure)
Confirm with . or Enter, or press ? or * to list all spells.
You can't see any susceptible monsters within range! (Use Z to cast anyway.)
d - 5 scrolls labelled MUCROCLUBLU (gained 1)
Found a trident.
Unknown command.
You see here a +0 trident.
You see here a frilled lizard corpse.
You open the door.
A goblin and a quokka come into view.
Found 2 gold pieces.
Casting: Magic Dart (safe; 2% risk of failure)
Confirm with . or Enter, or press ? or * to list all spells.
Aiming: Magic Dart (safe; 2% risk of failure)
Press: ? - help, Shift-Dir - straight line, f - goblin
Aim: a goblin, wielding a +0 dagger (asleep, 100% to hit)
The magic dart hits the goblin.
You kill the goblin!
You have reached level 3!
Your experience leads to an increase in your attributes!
Increase (S)trength, (I)ntelligence, or (D)exterity?
You feel clever. x2; Your demonic ancestry asserts itself...
Your fingernails lengthen.
Are you sure you want to abandon this character and quit the game? (Confirm with "yes".)

#.# #.##..#.###...#
#.##.## #.#
##.#...####...# #......
#.#
##..................##
#.# ##(#######+#########
#.## #.# ... ...# ###.#
)... ## #..# ####.#.#
..... ##.
.#.######......###.$r...
####..
................@'......
+.....
##.######.#...####......
####.. #.# #.##.## .....
#... #.# #.#### ....
#.#. ..# #.# ... #.##
### #†# #+# #.# #.# #.#
#.# #.# ########.# #.#
#.# #......#.## #.#


You could see a quokka.

Vanquished Creatures
  An adder (D:2)
  A dart slug (D:1)
  4 bats
  An endoplasm (D:2)
  A goblin (D:2)
  A hobgoblin (D:2)
  3 jackals (D:1)
  2 kobolds (D:1)
  A ball python (D:2)
  A frilled lizard (D:2)
  A rat (D:1)
17 creatures vanquished.

Notes
Turn   | Place    | Note
-------+----------+-------------------------------------------
     0 | D:1      | Morbidden the Demonspawn Conjurer began the quest for the
                  | Orb.
     0 | D:1      | Reached XP level 1. HP: 13/13 MP: 3/3
   485 | D:1      | Found Isaolu's Magic Scroll Emporium.
   559 | D:1      | Found Pyughia's General Store.
   568 | D:1      | Found Siynn's Distillery.
   594 | D:1      | Found Reunilam's Jewellery Emporium.
   599 | D:1      | Gained mutation: Your demonic aura sometimes causes spilled
                  | blood to erupt in flames. [demonic ancestry]
   599 | D:1      | Reached XP level 2. HP: 19/19 MP: 3/5
  1485 | D:2      | Found a faded altar of an unknown god.
  1814 | D:2      | Gained mutation: You have sharp fingernails. [demonic
                  | ancestry]
  1814 | D:2      | Reached XP level 3. HP: 25/25 MP: 4/6
  1814 | D:2      | Quit the game

Illustrated notes

Levels and vault maps discovered:
D:1:      roderic_octagonal_star, layout_loops_cross, serial_shops,
          nicolae_diamond_shop, nicolae_shop_stone, nicolae_shop_hallway_stairs,
          nicolae_shop_window_shopping
D:2:      layout_loops_corners, shapermc_ecumenical_altar_mp_vishouse

Skill      XL: |  1 |
---------------+----+-----
Dodging        | 2 |  2.1
Fighting       | |  0.5
Stealth        | |  1.8
Spellcasting   | |  2.1
Conjurations   | |  4.6

Action                   || total
-------------------------++-------
Melee: Unarmed           ||    31
 Cast: Magic Dart        ||    30
Armor: Robe              ||     7
Dodge: Dodged            ||    33

Table legend: (Time is in decaauts)
 A = Elapsed time spent in this place.
 B = Non-inter-level travel time spent in this place.
 C = Inter-level travel time spent in this place.
 D = Time resting spent in this place.
 E = Time spent auto-exploring this place.
 F = Levels seen in this place.
 G = Mean time per level.
                   A        B        C        D        E       F      G
               +--------+--------+--------+--------+--------+-----+--------+
         Total |   1812 |   1775 |     37 |     35 |   1625 |   2 |  906.0 |
       Dungeon |   1812 |   1775 |     37 |     35 |   1625 |   2 |  906.0 |
               +--------+--------+--------+--------+--------+-----+--------+

Top non-repeatable levels by time:
     D:1: 1091 daAuts
     D:2: 721 daAuts
